 Dungeon Crawl Stone Soup version 0.23.2-33-g5129a83184 (webtiles) character file.

Game seed: 16365754549752112315

216 MalarOregon the Poker (level 5, -15/42 HPs)
             Began as a Merfolk Skald on Aug 5, 2019.
             Was an Initiate of Gozag.
             Demolished by an orc warrior
             ... wielding a +0 dire flail
              (16 damage)
             ... on level 5 of the Dungeon.
             The game lasted 00:05:45 (3767 turns).

MalarOregon the Poker (Merfolk Skald)               Turns: 3767, Time: 00:05:46

Health: -15/42     AC:  3    Str: 11    XL:     5   Next: 93%
Magic:  7/8        EV: 12    Int: 14    God:    Gozag
Gold:   183        SH:  0    Dex: 13    Spells: 7/8 levels left

rFire    + . .     SeeInvis .   a - +0 spear
rCold    + . .     Gourm    .   (no shield)
rNeg     . . .     Faith    .   b - +0 leather armour
rPois    .         Spirit   .   (no helmet)
rElec    .         Reflect  .   d - scarf {rC+ rF+}
rCorr    .         Harm     .   (no gloves)
MR       .....                  (no boots)
Stlth    +.........             (no amulet)
HPRegen  0.14/turn              (no ring)
MPRegen  0.11/turn              (no ring)

@: about to teleport, infused, very slightly contaminated, invisible
A: change form in water, swift swim, stealthy swim
a: Potion Petition, Call Merchant, Bribe Branch, Renounce Religion


You were on level 5 of the Dungeon.
You worshipped Gozag.
Gozag was aware of your devotion.
You were not hungry.

You visited 1 branch of the dungeon, and saw 5 of its levels.

You collected 205 gold pieces.
You paid 22 gold pieces to Gozag.

Inventory:

Hand Weapons
 a - a +0 spear (weapon)
Armour
 b - a +0 leather armour (worn)
 d - a scarf of resistance (worn)
   (You found it on level 1 of the Dungeon)
Jewellery
 c - a cursed ring of attention {unknown}
   (You found it on level 1 of the Dungeon)
 p - an uncursed ring of protection from magic {unknown}
   (You found it on level 3 of the Dungeon)
 r - an uncursed ring of protection from magic {unknown}
   (You found it on level 3 of the Dungeon)
Scrolls
 h - a scroll of enchant armour {unknown}
 i - a scroll of immolation {!r}
 j - a scroll of remove curse {@r2}
 l - a scroll of fog {unknown}
 m - a scroll of amnesia {unknown}
Potions
 k - 2 potions of flight
Comestibles
 e - 10 rations {!d}


   Skills:
 + Level 4.0 Fighting
 * Level 7.3 Polearms
 - Level 0.6 Armour
 - Level 2.6 Dodging
 - Level 2.0 Spellcasting
 - Level 3.2 Charms


You had 7 spell levels left.
You knew the following spells:

 Your Spells              Type           Power        Failure   Level  Hunger
a - Infusion              Chrm           ##..         9%          1    ##.....

Your spell library contained the following spells:

 Spells                   Type           Power        Failure   Level  Hunger
 Song of Slaying          Chrm           ##......     12%         2    ###....
 Shroud of Golubria       Chrm/Tloc      #.........   24%         2    ###....
 Regeneration             Chrm/Necr      #.........   43%         3    ####...
 Spectral Weapon          Hex/Chrm       #.......     43%         3    ####...


Dungeon Overview and Level Annotations

Branches:
Dungeon (5/15)
 Temple: D:4-7

Altars:
Dithmenos
Gozag
Makhleb
Vehumet

Annotations:
D:4 Grinder


Message History

The orc warrior becomes distracted by the nearby gold, dreaming of imaginary riches.
The orc warrior is no longer distracted by gold.
Found 16 gold pieces.
Your magical infusion is running out.
You see here 16 gold pieces.
You are no longer magically infusing your attacks.
You hit the orc priest but do no damage.
You hit the orc priest but do no damage.
The orc priest barely misses you.
You hit the orc priest.
The orc priest hits you but does no damage.
You hit the orc priest but do no damage.
You hit the orc priest.
The orc priest hits you with a +0 falchion!
You hit the orc priest.
The orc warrior hits you with a +0 dire flail!
* * * LOW HITPOINT WARNING * * *
The orc closely misses you.
The orc priest looks encouraged for a moment.
You hit the orc priest but do no damage.
The orc warrior barely misses you. The orc hits you.
* * * LOW HITPOINT WARNING * * *
You begin infusing your attacks with magical energy.
The orc priest calls down the wrath of Beogh upon you.
Pain shoots through your body!
* * * LOW HITPOINT WARNING * * *
The orc warrior hits you with a +0 dire flail!
* * * LOW HITPOINT WARNING * * *
The orc barely misses you.
As you read the scroll of teleportation {@r4}, it crumbles to dust.
You feel strangely unstable. The orc priest closely misses you.
The orc hits you.
* * * LOW HITPOINT WARNING * * *
Unknown command.
You hit the orc priest but do no damage.
The orc warrior barely misses you.
The orc priest hits you with a +0 falchion.
* * * LOW HITPOINT WARNING * * *
An orc comes into view. It is wielding a +0 club.
You fade into invisibility!
The orc shouts!
The orc warrior barely misses you.
The orc priest hits you with a +0 falchion.
* * * LOW HITPOINT WARNING * * *
You are very lightly contaminated with residual magic.
Unknown command.
You barely miss the orc priest.
The orc warrior hits you with a +0 dire flail!
You die...
Your body crumbles into a pile of gold.

#.# #o g# #.# #o##g#
####### #.# ..#.# #.....#
#.# #.#.# ###.....# #.#
...#+# .$(.....# #.#
#.....
........###.#########..%..
.......oo@o...o$.[........
.......oo##.##########o...
...#####o##.# #.... ..
#...#.# #o### . #...#<#
#.# #...### #o# ##.## #.#
#.#############.#
#...o.o.o.......#


You could see an orc warrior, an orc priest and 5 orcs.

Vanquished Creatures
  A scorpion (D:4)
  A hound (D:4)
  3 gnolls (D:3)
  3 adders
  A shadow imp (D:2)
  An ooze (D:3)
  A worm (D:2)
  4 orcs (D:3)
  A ball python (D:1)
  3 giant cockroaches
  8 goblins
  8 hobgoblins
  7 jackals
  2 quokkas
  7 bats
  3 frilled lizards
  4 kobolds
  6 rats
64 creatures vanquished.

Notes
Turn   | Place    | Note
-------+----------+-------------------------------------------
     0 | D:1      | MalarOregon the Merfolk Skald began the quest for the Orb.
     0 | D:1      | Reached XP level 1. HP: 16/16 MP: 3/3
   146 | D:1      | Reached XP level 2. HP: 17/23 MP: 5/5
   259 | D:1      | Reached skill level 4 in Polearms
   917 | D:1      | Reached XP level 3. HP: 27/28 MP: 6/6
  1351 | D:2      | Reached skill level 5 in Polearms
  1703 | D:2      | Reached XP level 4. HP: 20/35 MP: 3/7
  1959 | D:2      | Found a burning altar of Makhleb.
  2521 | D:3      | Found an opulent altar of Gozag.
  2547 | D:3      | Became a worshipper of Gozag Ym Sagoz the Greedy
  2573 | D:3      | Found a radiant altar of Vehumet.
  2634 | D:3      | Reached skill level 6 in Polearms
  2951 | D:3      | Reached XP level 5. HP: 29/41 MP: 4/8
  3465 | D:4      | Reached skill level 7 in Polearms
  3682 | D:4      | Found a shadowy altar of Dithmenos.
  3683 | D:4      | Noticed Grinder
  3694 | D:5      | Entered Level 5 of the Dungeon
  3703 | D:5      | Noticed an orc warrior
  3765 | D:5      | HP: 2/42 [orc priest/+0 falchion (4)]
  3767 | D:5      | Demolished by an orc warrior

Skill      XL: |  1  2  3  4  5 |
---------------+----------------+-----
Polearms       | 4 5 6 7 |  7.3
Fighting       | 3 4 |  4.0
Armour         | |  0.6
Dodging        | |  2.6
Spellcasting   | |  2.0
Charms         | |  3.2

Action                   |  1- 3 |  4- 6 || total
-------------------------+-------+-------++-------
Melee: Spear             |   145 |   148 ||   293
 Cast: Infusion          |     4 |    18 ||    22
  Use: Scroll            |       |     8 ||     8
       Potion            |       |     3 ||     3
 Stab: Sleeping          |     1 |       ||     1
  Eat: Chunk             |     3 |     3 ||     6
       Ration            |       |     1 ||     1
Armor: Leather armour    |    29 |    20 ||    49
Dodge: Dodged            |    73 |    73 ||   146
